 Dungeon Crawl Stone Soup version 0.31.0-32-g396128a36d (webtiles) character file.

Game seed: 18175460338307006816

2 ChadusMaximus the Caller (level 1, 0/13 HPs)
             Began as a Barachi Summoner on Mar 13, 2024.
             Slain by a hobgoblin (5 damage)
             ... on level 1 of the Dungeon.
             The game lasted 00:00:24 (130 turns).

ChadusMaximus the Caller (Barachi Summoner)          Turns: 130, Time: 00:00:24

Health: 0/13       AC:  2    Str:  9    XL:     1   Next: 40%
Magic:  2/3        EV: 12    Int: 15    God:
Gold:   11         SH:  0    Dex: 12    Spells: 3/4 levels left

rFire   . . .        c - +0 hand axe
rCold   . . .        (no shield)
rNeg    . . .        a - +0 robe
rPois   .            (no helmet)
rElec   .            (no cloak)
rCorr   .            (no gloves)
SInv    .            (no boots)
Will    .....        (no amulet)
Stlth   ++           (no ring)
HPRegen 0.22/turn    (no ring)
MPRegen 0.08/turn

%: no passive effects
@: slow
A: amphibious, slowness 1, strong legs 1, +LOS
a: Hop


You were on level 1 of the Dungeon.
You visited 1 branch of the dungeon, and saw 1 of its levels.

You collected 11 gold pieces.

Inventory:

Hand Weapons
 c - a +0 hand axe (weapon)
Armour
 a - a +0 robe (worn)
 d - a +0 pair of boots
Potions
 b - a potion of magic


   Skills:
 - Level 2.1 Dodging
 - Level 1.7 Stealth
 + Level 2.2 Spellcasting
 * Level 4.9 Summonings


You had 3 spell levels left.
You knew the following spells:

 Your Spells              Type           Power      Damage    Failure   Level
a - Summon Small Mammal   Summ           64%        N/A       2%          1

Your spell library contained the following spells:

 Spells                   Type           Power      Damage    Failure   Level
 Call Imp                 Summ           32%        N/A       4%          2
 Call Canine Familiar     Summ           16%        N/A       9%          3
 Summon Blazeheart Golem  Fire/Summ      9%         N/A       61%         4
 Summon Lightning Spire   Summ/Air       9%         N/A       61%         4


Dungeon Overview and Level Annotations

Branches:
Dungeon (1/15)

Altars:


Innate Abilities, Weirdness & Mutations

You are amphibious.
You cover ground slowly.
You can hop short distances.
You have an extended range of vision and can be seen from far away.


Message History

You hit the endoplasm.
The endoplasm is moderately wounded.
The endoplasm freezes you.
You are frozen.
The endoplasm freezes you.
You are frozen.
You are too injured to fight recklessly!
You are too injured to fight recklessly!
You are too injured to fight recklessly!
Casting: Summon Small Mammal (safe; 3% risk of failure)
Confirm with . or Enter, or press ? or * to list all spells.
The endoplasm hits you.
Casting: Summon Small Mammal (safe; 3% risk of failure)
Confirm with . or Enter, or press ? or * to list all spells.
The hobgoblin shouts!
Your bat hits the endoplasm.
The endoplasm hits you but does no damage.
Your bat completely misses the endoplasm.
The endoplasm barely misses your quokka.
Your bat hits the endoplasm.
Your quokka bites the endoplasm.
The endoplasm freezes your quokka.
Your quokka is frozen.
Your quokka barely misses the endoplasm.
The endoplasm barely misses your quokka.
Your bat hits the endoplasm.
Your quokka bites the endoplasm.
The endoplasm dies!
The hobgoblin hits your bat.
Your bat misses the hobgoblin.
Your quokka barely misses the hobgoblin.
The hobgoblin misses your quokka.
Your bat barely misses the hobgoblin.
Your quokka bites the hobgoblin.
The hobgoblin hits your quokka.
Your quokka dies!
Your quokka's corpse disappears in a puff of smoke!
You see here a +0 pair of boots.
d - a +0 pair of boots Your bat hits the hobgoblin.
The hobgoblin hits your bat.
Your bat dies!
Your bat's corpse disappears in a puff of smoke!
The hobgoblin hits you. x2
You die...

#......# #.##.....#
#......####.##.....#
#............#.....#
#............#.....#
#######......#.....######
#..................
#............#
##..###......#
###'###..@...#
#.#.#.#..g...#
###.###..##.##
#M#.#B#...#.#
###.####..(.#
#K#.#9#.....#
###.####.....
#p#.#H##..####
###.####...


You could see a hobgoblin.

Vanquished Creatures (collateral kills)
  An endoplasm (D:1)
  A quokka (D:1)
2 creatures vanquished.

Notes
Turn   | Place    | Note
-------+----------+-------------------------------------------
     0 | D:1      | ChadusMaximus the Barachi Summoner began the quest for the
                  | Orb.
     0 | D:1      | Reached XP level 1. HP: 13/13 MP: 3/3
     2 | D:1      | Noticed a barachi
     2 | D:1      | Noticed a ghoul
     4 | D:1      | Noticed a troll
     6 | D:1      | Noticed a vine stalker
     8 | D:1      | Noticed a demonspawn
     8 | D:1      | Noticed an octopode
    10 | D:1      | Noticed a demigod
    10 | D:1      | Noticed a draconian
    12 | D:1      | Noticed a merfolk
    12 | D:1      | Noticed a spriggan
    14 | D:1      | Noticed an elf
    14 | D:1      | Noticed a djinni
    16 | D:1      | Noticed a naga
    16 | D:1      | Noticed an armataur
    18 | D:1      | Noticed a tengu
    18 | D:1      | Noticed a vampire
    20 | D:1      | Noticed a felid
    20 | D:1      | Noticed an oni
    22 | D:1      | Noticed a human
    22 | D:1      | Noticed a minotaur
    24 | D:1      | Noticed a gargoyle
    26 | D:1      | Noticed a formicid
   130 | D:1      | Slain by a hobgoblin

Illustrated notes

Levels and vault maps discovered:
D:1:      kb_arrival_jail, layout_basic, serial_shops, shop

Action                     || total
---------------------------++-------
  Melee: Unarmed           ||     2
         Hand axe          ||     1
   Cast: Summon Small Mamm ||     4
 Armour: Robe              ||     5
  Dodge: Dodged            ||     3
